 Dungeon Crawl Stone Soup version 0.20.0-15-g7f486f2 (webtiles) character file.

231 Gargoyl the Skirmisher (level 5, -3/46 HPs)
             Began as a Draconian Abyssal Knight on June 14, 2017.
             Was a Believer of Lugonu.
             Slain by Grinder (4 damage)
             ... on level 3 of the Dungeon.
             The game lasted 00:05:22 (2515 turns).

Gargoyl the Skirmisher (Draconian Abyssal Knight)   Turns: 2515, Time: 00:05:23

Health: -3/46      AC:  7    Str: 15    XL:     5   Next: 72%
Magic:  7/7        EV: 10    Int: 12    God:    Lugonu [**....]
Gold:   190        SH:  7    Dex: 11    Spells: 4/4 levels left

rFire    . . .     SeeInvis .   a - +2 hand axe
rCold    . . .     Gourm    .   n - +0 shield
rNeg     . . .     Faith    .   (armour unavailable)
rPois    .         Spirit   .   (helmet restricted)
rElec    .         Reflect  .   (no cloak)
rCorr    .         Harm     .   (no gloves)
MR       +....                  o - +1 pair of boots
Stlth    ++........             e - amulet of regeneration
Regen    0.6/turn               i - ring of protection from magic
MPRegen  0.1/turn               (no ring)

@: no status effects
A: unfitting armour, cold-blooded, AC +5
a: Depart the Abyss, Bend Space, Renounce Religion


You were on level 3 of the Dungeon.
You worshipped Lugonu.
Lugonu was pleased with you.
You were hungry.

You visited 1 branch of the dungeon, and saw 3 of its levels.
You visited the Abyss 1 time.

You collected 190 gold pieces.

Inventory:

Hand Weapons
 a - a +2 hand axe (weapon)
Armour
 n - a +0 shield (worn)
 o - a +1 pair of boots (worn)
Jewellery
 e - an amulet of regeneration (around neck)
 i - a ring of protection from magic (left hand)
Scrolls
 f - a scroll of identify
 g - a scroll of amnesia
 j - 3 scrolls of remove curse
Potions
 d - a potion of brilliance
 m - 2 potions of agility
 p - a potion of magic {unknown}
Comestibles
 b - 2 bread rations
 c - 6 chunks of flesh
 h - 2 meat rations
 k - a royal jelly
 l - 6 fruits


   Skills:
 + Level 4.1 Fighting
 + Level 3.1 Axes
 * Level 3.6 Dodging
 * Level 1.6 Stealth
 + Level 1.3 Shields
 * Level 2.9 Invocations


You had 4 spell levels left.
You didn't know any spells.

Dungeon Overview and Level Annotations

Branches:
Dungeon (3/15)

Altars:
Ru

Annotations:
D:3 Grinder


Innate Abilities, Weirdness & Mutations

Your plain brown scales are hard. (AC +5)
You cannot fit into any form of body armour.
You are cold-blooded and may be slowed by cold attacks.


Message History

Grinder gestures at you.
You suddenly lose the ability to move!
Grinder gestures at you. You resist with some effort.
Grinder hits you but does no damage.
You can move again.
You hit Grinder.
Grinder is severely wounded.
Grinder gestures at you. Pain shoots through your body!
You block Grinder's attack.
You closely miss Grinder.
Grinder is severely wounded.
Grinder hits you!
You writhe in agony.
* * * LOW HITPOINT WARNING * * *
You slash Grinder!
Grinder is almost dead.
Grinder hits you!
* * * LOW HITPOINT WARNING * * *
You writhe in agony.
You die...

##'## 8.. .... #
##...##... #...#.
##....#8... #....##
##.....##... .....##
#......# #.....
+......##?.. #....
#......# ...
#.####$#.# ##.....#
... #......#@####
##....# 8.. #.†5?...#
##...# ##> #.##.##.#
##'## ###
#.##.##.#### #.# #..
#.##....[..# #.####.#
#.#####.##.###.......
#.# #.##.##...#####
#.#####.##.#.....#
#.......##.##...##


You could see Grinder.

Vanquished Creatures
  8 gnolls
  8 adders
  2 oozes (D:2)
  3 dart slugs
  3 leopard geckos
  5 orcs (D:3)
  6 bats
  3 giant cockroaches
  6 goblins
  4 hobgoblins
  2 jackals (D:2)
  7 kobolds
  A quokka (D:3)
  A frilled lizard (D:1)
  10 rats
69 creatures vanquished.

Notes
Turn   | Place    | Note
-------+----------+-------------------------------------------
     0 | Abyss:1  | Gargoyl the Draconian Abyssal Knight began the quest for the Orb.
     0 | Abyss:1  | Reached XP level 1. HP: 19/19 MP: 2/2
    16 | Abyss:1  | Found a bloodstained altar of Trog.
    74 | Abyss:2  | Noticed a stone giant skeleton
    76 | Abyss:2  | Noticed a freezing wraith
    80 | D:1      | Escaped the Abyss
   235 | D:1      | Reached XP level 2. HP: 26/26 MP: 3/3
   584 | D:1      | Reached * piety under Lugonu
   832 | D:2      | Reached XP level 3. HP: 27/33 MP: 4/4
   880 | D:2      | Reached skill level 1 in Stealth
  1184 | D:2      | Reached XP level 4. HP: 40/40 MP: 5/5
  1346 | D:2      | Reached ** piety under Lugonu
  1391 | D:3      | Found a sacrificial altar of Ru.
  1512 | D:3      | Reached skill level 4 in Fighting
  1519 | D:3      | Reached skill level 1 in Shields
  1640 | D:3      | Reached XP level 5. HP: 23/46 MP: 6/6
  2493 | D:3      | Noticed Grinder
  2510 | D:3      | Paralysed by Grinder for 3 turns
  2515 | D:3      | HP: 1/46 [Grinder (8)]
  2515 | D:3      | Slain by Grinder

Skill      XL: |  1  2  3  4  5 |
---------------+----------------+-----
Stealth        | 1 |  1.6
Dodging        | 3 |  3.6
Fighting       | 4 |  4.1
Shields        | 1 |  1.3
Axes           | 3 |  3.1
Invocations    | |  2.9

Action                   |  1- 3 |  4- 6 || total
-------------------------+-------+-------++-------
Melee: Hand axe          |   115 |   136 ||   251
       Tailslap          |    10 |    11 ||    21
Invok: Depart the Abyss  |     1 |       ||     1
  Use: Scroll            |     5 |     1 ||     6
       Potion            |       |     2 ||     2
 Stab: Sleeping          |     1 |     1 ||     2
  Eat: Chunk             |     1 |     4 ||     5
Armor: Skin              |    63 |    32 ||    95
Dodge: Dodged            |    95 |    70 ||   165
Block: Shield            |    30 |    74 ||   104
